3L
RICHARDSON CITY THUNDERCATS @ WIZARDING AC RAVENCLAWS
08/12/2018
 
TOP OF THE 1ST
Richardson City Thundercats batting - Pitching for Wizarding AC Ravenclaws : RHP Tom Reynolds
Pitching: RHP Tom Reynolds
Batting: RHB Miguel Saldaña 0-0: Ball
1-0: Foul Ball, location: 2F
1-1: Ball
2-1: Ball
3-1: Foul Ball, location: 2F
3-2: Base on Balls
Batting: RHB José Rodríguez 0-0: Ball
1-0: Called Strike
1-1: Swinging Strike
1-2: Ball
2-2: Ball
3-2: Strikes out swinging
Batting: LHB Terrence Eler 0-0: Ball
1-0: Called Strike
1-1: Ball
2-1: Swinging Strike
2-2: Strikes out looking
Batting: RHB Júlio Morín 0-0: Ground out 6-3 (Groundball, 6)
Top of the 1st over - 0 run(s), 0 hit(s), 0 error(s), 1 left on base; Richardson City 0 - Wizarding AC 0
BOTTOM OF THE 1ST
Wizarding AC Ravenclaws batting - Pitching for Richardson City Thundercats : LHP Mathies Pilegaard
Pitching: LHP Mathies Pilegaard
Batting: RHB Manuel González 0-0: Called Strike
0-1: SINGLE (Line Drive, 4MD)
Batting: RHB Matt Terry 0-0: Ball
Manuel González is caught stealing 2nd base
1-0: Ball
2-0: Swinging Strike
2-1: Swinging Strike
2-2: Strikes out swinging
Batting: LHB William Wise 0-0: Ball
1-0: Called Strike
1-1: Foul Ball, location: 2F
1-2: Foul Ball, location: 2F
1-2: SINGLE (Flyball, 7S)
Batting: RHB Cole Shaffer 0-0: Called Strike
0-1: Ball
1-1: Called Strike
1-2: Foul Ball, location: 2F
1-2: Strikes out swinging
Bottom of the 1st over - 0 run(s), 2 hit(s), 0 error(s), 1 left on base; Richardson City 0 - Wizarding AC 0
TOP OF THE 2ND
Richardson City Thundercats batting - Pitching for Wizarding AC Ravenclaws : RHP Tom Reynolds
Batting: LHB Casey Bright 0-0: Ground out 1-3 (Groundball, 15S)
Batting: RHB John MacGregor 0-0: Ball
1-0: SOLO HOME RUN (Flyball, 7D), Distance : 371 ft
Batting: RHB Randy García 0-0: Foul Ball, location: 2F
0-1: Ball
1-1: Foul Ball, location: 2F
1-2: Ground out 1-3 (Groundball, 13)
Batting: LHB Mathies Pilegaard 0-0: Called Strike
0-1: Called Strike
0-2: Foul Ball, location: 2F
0-2: Foul Ball, location: 2F
0-2: Ball
1-2: Foul Ball, location: 2F
1-2: Ball
2-2: Ground out 5-3 (Groundball, 56)
Top of the 2nd over - 1 run(s), 1 hit(s), 0 error(s), 0 left on base; Richardson City 1 - Wizarding AC 0
BOTTOM OF THE 2ND
Wizarding AC Ravenclaws batting - Pitching for Richardson City Thundercats : LHP Mathies Pilegaard
Batting: LHB Jerry Harris 0-0: Ball
1-0: Ball
2-0: Ball
3-0: Base on Balls
Batting: RHB Pablo León 0-0: DOUBLE (Flyball, 9LD)
Jerry Harris to third
Runner from 3rd tries for Home, SAFE, no throw or cutoff
Batting: RHB Pete Davidson 0-0: Ball
Wild Pitch!
Pablo León to third
1-0: Foul Ball, location: 2F
1-1: Foul Ball, location: 2F
1-2: Fly out, F3 (Popup, 3DF)
Batting: RHB Juan Torres 0-0: Called Strike
0-1: Foul Ball, location: 2F
0-2: Ball
1-2: Foul Ball, location: 2F
1-2: Strikes out swinging
Batting: RHB Tom Reynolds 0-0: Ball
1-0: Called Strike
1-1: Swinging Strike
1-2: Fly out, F9 (Flyball, 9LMF)
Bottom of the 2nd over - 1 run(s), 1 hit(s), 0 error(s), 1 left on base; Richardson City 1 - Wizarding AC 1
TOP OF THE 3RD
Richardson City Thundercats batting - Pitching for Wizarding AC Ravenclaws : RHP Tom Reynolds
Batting: RHB Edmund Gallagher 0-0: Ball
1-0: Foul Ball, location: 2F
1-1: Ball
2-1: SINGLE (Groundball, 6MD)
Batting: RHB Miguel Saldaña 0-0: Ball
1-0: Swinging Strike
1-1: Ball
2-1: Foul Ball, location: 2F
2-2: Ball
3-2: Strikes out looking
Batting: RHB José Rodríguez 0-0: Ball
Wild Pitch!
Edmund Gallagher to second
1-0: Ball
2-0: Foul Ball, location: 2F
2-1: Ground out 6-3 (Groundball, 6)
Edmund Gallagher to third
Batting: LHB Terrence Eler 0-0: Ground out 1-3 (Groundball, 15S)
Top of the 3rd over - 0 run(s), 1 hit(s), 0 error(s), 1 left on base; Richardson City 1 - Wizarding AC 1
BOTTOM OF THE 3RD
Wizarding AC Ravenclaws batting - Pitching for Richardson City Thundercats : LHP Mathies Pilegaard
Batting: RHB Manuel González 0-0: Ball
1-0: Called Strike
1-1: Foul Ball, location: 2F
1-2: Fly out, F3 (Popup, 3)
Batting: RHB Matt Terry 0-0: Ball
1-0: Swinging Strike
1-1: Foul Ball, location: 2F
1-2: Ball
2-2: Ground out 6-3 (Groundball, 6)
Batting: LHB William Wise 0-0: Swinging Strike
0-1: Called Strike
0-2: Strikes out swinging
Bottom of the 3rd over - 0 run(s), 0 hit(s), 0 error(s), 0 left on base; Richardson City 1 - Wizarding AC 1
TOP OF THE 4TH
Richardson City Thundercats batting - Pitching for Wizarding AC Ravenclaws : RHP Tom Reynolds
Batting: RHB Júlio Morín 0-0: Foul Ball, location: 2F
0-1: Foul Ball, location: 2F
0-2: Foul Ball, location: 2F
0-2: Ball
1-2: Foul Ball, location: 2F
1-2: Foul Ball, location: 2F
1-2: Ground out 5-3 (Groundball, 5S)
Batting: LHB Casey Bright 0-0: Ball
1-0: Called Strike
1-1: Called Strike
1-2: Ball
2-2: Strikes out looking
Batting: RHB John MacGregor 0-0: Foul Ball, location: 2F
0-1: Ball
1-1: Foul Ball, location: 2F
1-2: Fly out, F9 (Flyball, 89D)
Top of the 4th over - 0 run(s), 0 hit(s), 0 error(s), 0 left on base; Richardson City 1 - Wizarding AC 1
BOTTOM OF THE 4TH
Wizarding AC Ravenclaws batting - Pitching for Richardson City Thundercats : LHP Mathies Pilegaard
Batting: RHB Cole Shaffer 0-0: Ball
1-0: Called Strike
1-1: Ball
2-1: Fly out, F8 (Flyball, 8LM)
Batting: LHB Jerry Harris 0-0: Ball
1-0: SINGLE (Flyball, 8LS)
Batting: RHB Pablo León 0-0: Called Strike
0-1: Ball
1-1: Ball
2-1: Ball
3-1: Called Strike
3-2: Base on Balls
Jerry Harris to second
Batting: RHB Pete Davidson 0-0: Ball
1-0: Ball
2-0: Swinging Strike
2-1: Called Strike
2-2: Foul Ball, location: 2F
2-2: Foul Ball, location: 2F
2-2: Foul Ball, location: 2F
2-2: Strikes out looking
Batting: RHB Juan Torres 0-0: Swinging Strike
0-1: Ball
1-1: Foul Ball, location: 2F
1-2: Foul Ball, location: 2F
1-2: Foul Ball, location: 2F
1-2: Foul Ball, location: 2F
1-2: Ball
2-2: Ground out 5-3 (Groundball, 5L)
Bottom of the 4th over - 0 run(s), 1 hit(s), 0 error(s), 2 left on base; Richardson City 1 - Wizarding AC 1
TOP OF THE 5TH
Richardson City Thundercats batting - Pitching for Wizarding AC Ravenclaws : RHP Tom Reynolds
Batting: RHB Randy García 0-0: Ball
1-0: Fly out, F8 (Flyball, 8RS)
Batting: LHB Mathies Pilegaard 0-0: Ground out 5-3 (Groundball, 56)
Batting: RHB Edmund Gallagher 0-0: Ball
1-0: Foul Ball, location: 2F
1-1: Ball
2-1: Swinging Strike
2-2: Ball
3-2: Base on Balls
Batting: RHB Miguel Saldaña 0-0: Swinging Strike
0-1: Foul Ball, location: 2F
0-2: Foul Ball, location: 2F
0-2: Strikes out swinging
Top of the 5th over - 0 run(s), 0 hit(s), 0 error(s), 1 left on base; Richardson City 1 - Wizarding AC 1
BOTTOM OF THE 5TH
Wizarding AC Ravenclaws batting - Pitching for Richardson City Thundercats : LHP Mathies Pilegaard
Batting: RHB Tom Reynolds 0-0: Ball
1-0: Swinging Strike
1-1: Foul Ball, location: 2F
1-2: Fly out, F7 (Flyball, 7M)
Batting: RHB Manuel González 0-0: Fly out, F3 (Popup, 3S)
Batting: RHB Matt Terry 0-0: Called Strike
0-1: SINGLE (Groundball, 4MD)
Batting: LHB William Wise 0-0: Ball
1-0: Called Strike
1-1: SINGLE (Flyball, 9S)
Matt Terry to second
Throwing error, E9
Matt Terry scores
William Wise to second
Batting: RHB Cole Shaffer 0-0: Called Strike
0-1: Foul Ball, location: 2F
0-2: Ball
1-2: Strikes out looking
Bottom of the 5th over - 1 run(s), 2 hit(s), 1 error(s), 1 left on base; Richardson City 1 - Wizarding AC 2
TOP OF THE 6TH
Richardson City Thundercats batting - Pitching for Wizarding AC Ravenclaws : RHP Tom Reynolds
Batting: RHB José Rodríguez 0-0: Called Strike
0-1: Swinging Strike
0-2: Ball
1-2: Strikes out looking
Batting: LHB Terrence Eler 0-0: Ball
1-0: Called Strike
1-1: Ground out 6-3 (Groundball, 6)
Batting: RHB Júlio Morín 0-0: Called Strike
0-1: Fly out, F6 (Popup, 6M)
Top of the 6th over - 0 run(s), 0 hit(s), 0 error(s), 0 left on base; Richardson City 1 - Wizarding AC 2
BOTTOM OF THE 6TH
Wizarding AC Ravenclaws batting - Pitching for Richardson City Thundercats : LHP Mathies Pilegaard
Batting: LHB Jerry Harris 0-0: Ball
1-0: Fly out, F8 (Flyball, 8LXD)
Batting: RHB Pablo León 0-0: Ball
1-0: Ball
2-0: Ground out 4-3 (Groundball, 4)
Batting: RHB Pete Davidson 0-0: Ball
1-0: Called Strike
1-1: Ball
2-1: Ball
3-1: Ground out 4-3 (Groundball, 4)
Bottom of the 6th over - 0 run(s), 0 hit(s), 0 error(s), 0 left on base; Richardson City 1 - Wizarding AC 2
TOP OF THE 7TH
Richardson City Thundercats batting - Pitching for Wizarding AC Ravenclaws : RHP Tom Reynolds
Batting: LHB Casey Bright 0-0: Called Strike
0-1: Ball
1-1: Ground out 4-3 (Groundball, 4M)
Batting: RHB John MacGregor 0-0: Ball
1-0: Ground out 1-3 (Groundball, 25)
Batting: RHB Randy García 0-0: Called Strike
0-1: Ground out 6-3 (Groundball, 6M)
Top of the 7th over - 0 run(s), 0 hit(s), 0 error(s), 0 left on base; Richardson City 1 - Wizarding AC 2
BOTTOM OF THE 7TH
Wizarding AC Ravenclaws batting - Pitching for Richardson City Thundercats : LHP Mathies Pilegaard
Batting: RHB Juan Torres 0-0: Ball
1-0: Called Strike
1-1: Called Strike
1-2: Strikes out swinging
Batting: RHB Tom Reynolds 0-0: Foul Ball, location: 2F
0-1: SINGLE (Line Drive, 9LS)
Pitching: RHP Nathan Rutgers
Now at 3B: Randall Parkinson
Pinch Hitting: LHB Walter Kirk 0-0: Ball
1-0: Ball
2-0: Called Strike
2-1: Foul Ball, location: 2F
2-2: Fly out, F8 (Flyball, 8RD)
Batting: RHB Matt Terry 0-0: Swinging Strike
0-1: Ball
1-1: Ball
2-1: Ball
3-1: Called Strike
3-2: Fly out, F7 (Flyball, 78M)
Bottom of the 7th over - 0 run(s), 1 hit(s), 0 error(s), 1 left on base; Richardson City 1 - Wizarding AC 2
TOP OF THE 8TH
Richardson City Thundercats batting - Pitching for Wizarding AC Ravenclaws : RHP Tom Reynolds
Now in LF: Jay Carlson
Now in RF: Walter Kirk
Batting: RHB Randall Parkinson 0-0: Ball
1-0: Foul Ball, location: 2F
1-1: Ball
2-1: Foul Ball, location: 2F
2-2: Ball
3-2: Foul Ball, location: 2F
3-2: Ground out 5-3 (Groundball, 5S)
Batting: RHB Edmund Gallagher 0-0: Ball
1-0: Fly out, F9 (Flyball, 89D)
Batting: RHB Miguel Saldaña 0-0: Fly out, F6 (Line Drive, 6)
Top of the 8th over - 0 run(s), 0 hit(s), 0 error(s), 0 left on base; Richardson City 1 - Wizarding AC 2
BOTTOM OF THE 8TH
Wizarding AC Ravenclaws batting - Pitching for Richardson City Thundercats : RHP Nathan Rutgers
Batting: LHB William Wise 0-0: Ball
1-0: Swinging Strike
1-1: Foul Ball, location: 2F
1-2: Foul Ball, location: 2F
1-2: Foul Ball, location: 2F
1-2: Foul Ball, location: 2F
1-2: Fly out, F9 (Line Drive, 89D)
Batting: RHB Cole Shaffer 0-0: Called Strike
0-1: Foul Ball, location: 2F
0-2: Ball
1-2: Ball
2-2: Ball
3-2: Base on Balls
Batting: LHB Jerry Harris 0-0: Ball
Cole Shaffer steals 2nd base
1-0: Intentional Walk
Batting: RHB Pablo León 0-0: Ball
1-0: Ball
2-0: Fly out, F4 (Popup, 4)
Batting: LHB Jay Carlson 0-0: Ball
1-0: Foul Ball, location: 2F
1-1: Ball
2-1: Ball
3-1: Foul Ball, location: 2F
3-2: Base on Balls
Cole Shaffer to third
Jerry Harris to second
Batting: RHB Juan Torres 0-0: Called Strike
0-1: Foul Ball, location: 2F
0-2: Ball
1-2: Ball
2-2: Foul Ball, location: 2F
2-2: Foul Ball, location: 2F
2-2: Foul Ball, location: 2F
2-2: Fly out, F8 (Flyball, 8LXD)
Bottom of the 8th over - 0 run(s), 0 hit(s), 0 error(s), 3 left on base; Richardson City 1 - Wizarding AC 2
TOP OF THE 9TH
Richardson City Thundercats batting - Pitching for Wizarding AC Ravenclaws : RHP Tom Reynolds
Pitching: RHP Jackson Haines
Now at 3B: Stephen Baird
Batting: RHB José Rodríguez 0-0: Called Strike
0-1: Ground out 6-3 (Groundball, 6)
Batting: LHB Terrence Eler 0-0: Ball
1-0: Called Strike
1-1: Ball
2-1: Swinging Strike
2-2: Foul Ball, location: 2F
2-2: Ball
3-2: Foul Ball, location: 2F
3-2: Foul Ball, location: 2F
3-2: Strikes out swinging
Batting: RHB Júlio Morín 0-0: Called Strike
0-1: Fly out, F4 (Popup, 34D)
Top of the 9th over - 0 run(s), 0 hit(s), 0 error(s), 0 left on base; Richardson City 1 - Wizarding AC 2
This league is powered by Out of the Park Baseball, the baseball management simulation game for PC, Mac and Linux
Monday, May 4th, 2015 - OOTP Baseball 15.6 Build 34